 Seeded DCSS version 0.31-a0-177-g4aa6249778 (webtiles) character file.

Game seed: 8346848676041322934 (custom seed)

2946 innerfire43 the Slicer (level 9, -3/69 HPs)
             Began as a Demonspawn Monk on June 18, 2023.
             Was a High Priest of Ignis.
             Slain by Dittersdorf's ghost (9 damage)
             ... on level 7 of the Dungeon.
             The game lasted 00:13:01 (8182 turns).

innerfire43 the Slicer (Demonspawn Monk)            Turns: 8182, Time: 00:13:02

Health: -3/69      AC: 16    Str: 16    XL:     9   Next: 51%
Magic:  9/9        EV: 14    Int: 12    God:    Ignis [*****.]
Gold:   1086       SH:  0    Dex: 16    Spells: 8/8 levels left

rFire   + . .        B - +2 falchion of Dishonour {elec, *Slow Fly rCorr Str-5}
rCold   . . .        d - orb {light}
rNeg    . . .        t - +2 steam dragon scales
rPois   .            (no helmet)
rElec   .            (no cloak)
rCorr   +            x - +0 pair of gloves
SInv    .            (no boots)
Will    .....        (no amulet)
Stlth   +            n - +6 ring of strength
HPRegen 0.31/turn    o - +4 ring of protection
MPRegen 0.11/turn

%: slow self (1%)
@: flying, glowing
A: slimy green scales 2, demonic magic 1, demonic touch 1
a: Renounce Religion, Fiery Armour, Foxfire Swarm, Rising Flame


You were on level 7 of the Dungeon.
You worshipped Ignis.
Ignis was extremely pleased with you.
You visited 1 branch of the dungeon, and saw 7 of its levels.

You collected 1086 gold pieces.

Inventory:

Hand Weapons
 a - a +0 spear
 p - a +4 short sword
 q - a +2 dagger of speed
 B - the +2 falchion of Dishonour (weapon) {elec, *Slow Fly rCorr Str-5}
   (You found it on level 7 of the Dungeon)

   Str:       It affects your strength (-5).
   Fly:       It grants you flight.
   rCorr:     It protects you from acid and corrosion.
   *Slow:     It may slow you when you take damage.
Missiles
 y - 2 javelins
Armour
 b - a +0 robe
 d - an orb of light (worn)
 s - a +0 chain mail
 t - +2 steam dragon scales (worn)
 x - a +0 pair of gloves (worn)
Jewellery
 c - a ring of fire
 n - a +6 ring of strength (left hand)
 o - a +4 ring of protection (right hand)
 u - a ring of magical power
Scrolls
 e - a scroll of immolation
 g - a scroll of poison
 i - a scroll of enchant armour {unknown}
 k - a scroll of brand weapon {unknown}
 l - a scroll of blinking {unknown}
 r - 2 scrolls of revelation {unknown}
 v - 2 scrolls of teleportation
 w - 2 scrolls of fog
 z - a scroll of identify
 A - a scroll of amnesia {unknown}
Potions
 f - 2 potions of resistance
 h - a potion of brilliance
 j - a potion of mutation {unknown}
 m - a potion of berserk rage {unknown}


   Skills:
 + Level 6.0 Fighting
 - Level 8.7(8.8) Short Blades
 * Level 1.3(5.6) Long Blades
 - Level 2.6 Polearms
 + Level 5.2 Armour
 + Level 4.6 Dodging
 + Level 0.8 Evocations


You had 8 spell levels left.
You didn't know any spells.
Your spell library contained the following spells:

 Spells                   Type           Power      Damage    Failure   Level
 Sublimation of Blood     Necr           0%         N/A       45%         2
 Wereblood                Tmut           0%         N/A       45%         2
 Frozen Ramparts          Ice            0%         1d1       69%         3
 Summon Guardian Golem    Hex/Summ       0%         N/A       69%         3
 Ice Form                 Ice/Tmut       0%         N/A       97%         4
 Summon Ice Beast         Ice/Summ       0%         N/A       97%         4
 Orb of Destruction       Conj           0%         9d5       100%        7
 Spellforged Servitor     Conj/Summ      0%         N/A       100%        7
 Summon Hydra             Summ           0%         N/A       100%        7


Dungeon Overview and Level Annotations

Branches:
Dungeon (7/15)             Temple (0/1) D:7

Altars:
Ashenzari
Makhleb
Ignis

Annotations:
D:7 Dittersdorf's ghost, novice GrFi


Innate Abilities, Weirdness & Mutations

You are mostly covered in slimy green scales. (AC +3)
Spells you cast may paralyse adjacent enemies.
Your touch may inflict minor irresistible damage on your foes.


Message History

Dittersdorf's ghost hits you.
You hit Dittersdorf's ghost but do no damage.
Dittersdorf's ghost is moderately damaged.
Dittersdorf's ghost says, "You must not succeed where I failed!"
Dittersdorf's ghost hits you!
* * * LOW HITPOINT WARNING * * *
You barely miss Dittersdorf's ghost.
Dittersdorf's ghost is moderately damaged.
Dittersdorf's ghost barely misses you.
You hit Dittersdorf's ghost.
Dittersdorf's ghost is heavily damaged.
Dittersdorf's ghost misses you.
You hit Dittersdorf's ghost but do no damage.
Dittersdorf's ghost is heavily damaged.
Dittersdorf's ghost closely misses you.
You hit Dittersdorf's ghost.
Dittersdorf's ghost is heavily damaged.
Dittersdorf's ghost closely misses you.
You hit Dittersdorf's ghost.
Dittersdorf's ghost is heavily damaged.
Dittersdorf's ghost hits you but does no damage.
You hit Dittersdorf's ghost.
Dittersdorf's ghost is severely damaged.
Dittersdorf's ghost hits you but does no damage.
You hit Dittersdorf's ghost but do no damage.
Dittersdorf's ghost is severely damaged.
Dittersdorf's ghost hits you!
* * * LOW HITPOINT WARNING * * *
As you read the scroll labelled GOLIZE FEGUIPNA, it crumbles to dust.
The creatures around you are filled with an inner flame!
It was a scroll of immolation.
Dittersdorf's ghost hits you but does no damage.
You hit Dittersdorf's ghost but do no damage.
Dittersdorf's ghost is severely damaged.
Dittersdorf's ghost barely misses you.
You hit Dittersdorf's ghost.
Flame seeps out of Dittersdorf's ghost.
Dittersdorf's ghost is severely damaged.
Dittersdorf's ghost is engulfed in blazing flames.
Flame seeps out of Dittersdorf's ghost.
Dittersdorf's ghost hits you!
You die...

.....# #.####.###<..#)##...##.#
.##### #.#............###..##.#
.# #.#.##.###.....###..##.# .#
#.#.##.##.......##..##.# .#
##.#.##.#...###..........
.########....##....##⌠##.....##.#
..........#..##...##...##....##.#
............###..##..!..##...##.#
...#####.#......@W...♣..⌠#..###.#
.#.# #.#####...##..?..##..###.#
.#.#####.######...##...##.......#
.#.#........# ##...##⌠##...######
...#.###.##.# ##...###...##
####.###.##.# ##........##
####........# #........##
.......:....####.###.##.#
##...........[..........#


You could see Dittersdorf's ghost (inner flame).

Vanquished Creatures
  Maggie (D:7)
  Prince Ribbit (D:7)
  A shadow (D:7)
  A vampire (D:6)
  2 water moccasins
  3 ice beasts
  A black bear (D:6)
  2 ogres
  A phantom (D:5)
  A centaur (D:5)
  A scorpion (D:6)
  3 wights (D:6)
  6 killer bees (D:7)
  7 howler monkeys
  2 jellies
  3 hounds
  4 orc priests
  3 iguanas
  An orc wizard (D:5)
  A sleepcap (D:5)
  6 adders
  A white imp (D:7)
  An ufetubus (D:7)
  A worm (D:5)
  3 dart slugs (D:2)
  16 orcs
  6 ball pythons
  8 endoplasms
  A giant cockroach (D:3)
  10 goblins
  4 hobgoblins
  7 quokkas
  5 bats
  2 frilled lizards (D:2)
  6 kobolds
  7 rats
129 creatures vanquished.

Vanquished Creatures (others)
  2 foxfires (D:7)
2 creatures vanquished.

Grand Total: 131 creatures vanquished

Notes
Turn   | Place    | Note
-------+----------+-------------------------------------------
     0 | D:1      | innerfire43 the Demonspawn Monk began the quest for the
                  | Orb.
     0 | D:1      | Reached XP level 1. HP: 18/18 MP: 1/1
   148 | D:1      | Gained mutation: Your touch may inflict minor irresistible
                  | damage on your foes. [demonic ancestry]
   148 | D:1      | Reached XP level 2. HP: 24/24 MP: 2/2
  1059 | D:2      | Gained mutation: You are partially covered in slimy green
                  | scales. (AC +2) [demonic ancestry]
  1059 | D:2      | Reached XP level 3. HP: 23/29 MP: 3/3
  1535 | D:2      | Found a faded altar of an unknown god.
  1623 | D:2      | Prayed at the altar of an unknown god.
  1623 | D:2      | Became a worshipper of Ignis, the Dying Flame
  1623 | D:2      | Reached ****** piety under Ignis
  2609 | D:3      | Reached XP level 4. HP: 37/37 MP: 4/4
  2687 | D:3      | Reached skill level 1 in Short Blades
  3375 | D:4      | Noticed an ogre
  3384 | D:4      | Killed an ogre
  3385 | D:4      | Reached skill level 2 in Short Blades
  3385 | D:4      | Gained mutation: You are mostly covered in slimy green
                  | scales. (AC +3) [demonic ancestry]
  3385 | D:4      | Reached XP level 5. HP: 42/42 MP: 5/5
  3852 | D:5      | Entered Level 5 of the Dungeon
  3870 | D:5      | Reached skill level 3 in Short Blades
  3870 | D:5      | Reached skill level 1 in Armour
  3877 | D:5      | Noticed a phantom
  3939 | D:5      | Reached XP level 6. HP: 38/48 MP: 6/6
  3948 | D:5      | Noticed an ice beast
  3984 | D:5      | Reached skill level 4 in Short Blades
  4016 | D:5      | HP: 1/49 [ice beast (10)]
  4025 | D:5      | Killed an ice beast
  4026 | D:5      | Reached XP level 7. HP: 10/55 MP: 7/7
  4281 | D:5      | Found a broken altar of Ashenzari.
  4518 | D:5      | Reached skill level 5 in Short Blades
  4729 | D:5      | Identified a scroll of acquirement
  4729 | D:5      | Acquired 658 gold pieces
  5290 | D:6      | Reached skill level 6 in Short Blades
  5299 | D:6      | Gained mutation: Spells you cast may paralyse adjacent
                  | enemies. [demonic ancestry]
  5299 | D:6      | Reached XP level 8. HP: 57/61 MP: 8/8
  5352 | D:6      | Reached skill level 5 in Fighting
  5618 | D:6      | Reached skill level 7 in Short Blades
  5628 | D:6      | Found a burning altar of Makhleb.
  7170 | D:7      | Found a staircase to the Ecumenical Temple.
  7210 | D:7      | Reached skill level 8 in Short Blades
  7302 | D:7      | Reached XP level 9. HP: 58/68 MP: 9/9
  7384 | D:7      | Noticed Dittersdorf's ghost (novice GrFi)
  7391 | D:7      | Found a runed translucent door.
  7512 | D:7      | Noticed Prince Ribbit
  7534 | D:7      | Noticed Maggie
  7542 | D:7      | Killed Prince Ribbit
  7619 | D:7      | Killed Maggie
  7803 | D:7      | Identified the +2 falchion of Dishonour {elec, *Slow Fly
                  | rCorr Str-5}
  7823 | D:7      | Reached skill level 5 in Armour
  7832 | D:7      | Reached skill level 1 in Long Blades
  8182 | D:7      | Slain by Dittersdorf's ghost

Illustrated notes

Levels and vault maps discovered:
D:1:      saegor_arrival_simple_c, layout_basic
D:2:      layout_basic, shapermc_ecumenical_altar_hornbeckon
D:3:      layout_basic, serial_bayou_ford_a
D:4:      layout_gridville
D:5:      layout_gridville, evilmike_ruin_ashenzari
D:6:      layout_layer_cave, grunt_temple_overflow_open
D:7:      layout_loops_ring, minmay_temple_entry_ruins,
          hellmonk_ghost_happy_afterlife, uniq_maggie, uniq_prince_ribbit1

Skill      XL: |  1  2  3  4  5  6  7  8  9 |
---------------+----------------------------+-----
Dodging        | 3 4 |  4.6
Short Blades   | 2 3 4 6 8 |  8.7
Fighting       | 4 5 6 |  6.0
Armour         | 1 2 4 5 |  5.2
Long Blades    | 1 |  1.3
Polearms       | |  2.6
Evocations     | |  0.8

Action                     |  1- 3 |  4- 6 |  7- 9 || total
---------------------------+-------+-------+-------++-------
  Melee: Spear             |    80 |       |       ||    80
         Dagger            |    59 |   193 |   560 ||   812
         Falchion          |       |       |    51 ||    51
 Invoke: Foxfire Swarm     |       |       |     1 ||     1
  Evoke: Wand              |       |     4 |     3 ||     7
    Use: Potion            |       |     7 |     1 ||     8
         Scroll            |       |       |     7 ||     7
   Stab: Invisible         |       |     1 |     4 ||     5
 Armour: Robe              |     8 |       |       ||     8
         Chain mail        |    18 |   128 |   130 ||   276
         Steam dragon scal |       |       |    17 ||    17
  Dodge: Dodged            |    45 |    87 |   155 ||   287

Table legend: (Time is in decaauts)
 A = Elapsed time spent in this place.
 B = Non-inter-level travel time spent in this place.
 C = Inter-level travel time spent in this place.
 D = Time resting spent in this place.
 E = Time spent auto-exploring this place.
 F = Levels seen in this place.
 G = Mean time per level.
                   A        B        C        D        E       F      G
               +--------+--------+--------+--------+--------+-----+--------+
         Total |   7794 |   6861 |    933 |      0 |   5686 |   7 | 1113.4 |
       Dungeon |   7794 |   6861 |    933 |      0 |   5686 |   7 | 1113.4 |
               +--------+--------+--------+--------+--------+-----+--------+

Top non-repeatable levels by time:
     D:6: 1723 daAuts
     D:2: 1447 daAuts
     D:5: 1194 daAuts
     D:7: 1054 daAuts
     D:1: 985 daAuts
     D:3: 701 daAuts
     D:4: 688 daAuts
